 Dungeon Crawl Stone Soup version 0.17-a0-1475-g9f81d98 (webtiles) character file.

4285 ztt the Thaumaturge (level 10, -20/52 HPs)
             Began as a Deep Elf Wizard on July 2, 2015.
             Was a Believer of Sif Muna.
             Demolished by a hill giant
             ... wielding a +0 giant spiked club
              (47 damage)
             ... while paralysed
             ... on level 10 of the Dungeon.
             The game lasted 00:51:27 (14632 turns).

ztt the Thaumaturge (Deep Elf Wizard)              Turns: 14632, Time: 00:51:27

Health: -20/52     AC:  8    Str:  4    XL:     10   Next: 10%
Magic:  29/29      EV:  2    Int: 27    God:    Sif Muna [**....]
Gold:   762        SH:  0    Dex: 13    Spells: 5 memorised, 25 levels left

rFire  . . .     SeeInvis .     E - +2 dagger (venom)
rCold  . . .     Clarity  .     u - +1 animal skin
rNeg   . . .     SustAt   .     (no shield)
rPois  +         Gourm    .     v - +0 helmet
rElec  .         Spirit   .     m - +0 cloak
rCorr  .         Warding  .     p - +1 pair of gloves
rMut   .         Stasis   .     D - +0 pair of boots
MR     +....                    (no amulet)
Stlth  +++.......               I - +3 ring of evasion
                                B - ring of poison resistance

@: paralysed, starving, repel missiles, somewhat resistant to hostile
enchantments, fairly stealthy
A: no striking features
a: Channel Energy, Forget Spell, Renounce Religion


You were on level 10 of the Dungeon.
You worshipped Sif Muna.
Sif Muna was pleased with you.
You were starving.

You visited 1 branch of the dungeon, and saw 10 of its levels.

You collected 762 gold pieces.

Inventory:

Hand weapons
 t - a +3 dagger of flaming
 E - a +2 dagger of venom (weapon)
Armour
 m - a +0 cloak (worn)
 p - a +1 pair of gloves (worn)
 u - a +1 animal skin (worn)
 v - a +0 helmet (worn)
 D - a +0 pair of boots (worn)
Jewellery
 i - an uncursed ring of protection from cold
 B - a ring of poison resistance (left hand)
 I - a +3 ring of evasion (right hand)
 L - a +3 ring of strength
 M - an uncursed ring of protection from fire
 N - an uncursed ring of magical power {unknown}
Magical devices
 F - a wand of enslavement (24)
 H - a wand of draining (5)
 K - a wand of cold (5)
 Q - a wand of lightning (7)
 V - a wand of polymorph (16)
Scrolls
 n - 3 scrolls of fear
 o - 6 scrolls of remove curse
 r - 2 scrolls of amnesia
 s - 5 scrolls of identify
 w - 3 scrolls of magic mapping
 y - 6 scrolls of teleportation
 A - a scroll of enchant armour
 P - a scroll of recharging
 T - a scroll of enchant weapon {unknown}
Potions
 a - 2 potions of brilliance {unknown}
 b - 3 potions of poison {unknown}
 e - 2 potions of cure mutation
 f - 4 potions of curing
 g - 3 potions of lignification
 h - a potion of might {unknown}
 j - 2 potions of heal wounds
 k - a potion of mutation {unknown}
 q - 2 potions of haste
 x - 2 potions of invisibility
 z - a potion of magic {unknown}
 C - a potion of degeneration
 G - 2 potions of resistance {unknown}
 O - a potion of flight {unknown}
 U - a potion of berserk rage {unknown}
Books
 c - a book of Minor Magic

   Spells                             Type                      Level
   a - Magic Dart                     Conjuration                  1
   b - Blink                          Translocation                2
   c - Call Imp                       Summoning                    2
   d - Repel Missiles                 Charms/Air                   2
   e - Slow                           Hexes                        2
   f - Conjure Flame                  Conjuration/Fire             3
   g - Mephitic Cloud                 Conjuration/Poison/Air       3
 W - a book of Alchemy

   Spells                             Type                      Level
   a - Sublimation of Blood           Necromancy                   2
   b - Ignite Poison                  Fire/Transmutation/Poison    3
   c - Alistair's Intoxication        Transmutation/Poison         4
   d - Condensation Shield            Ice                          4
   e - Petrify                        Transmutation/Earth          4
   f - Irradiate                      Conjuration/Transmutation    5
Comestibles
 d - 5 bread rations
 l - 3 meat rations


   Skills:
 + Level 1.4 Fighting
 + Level 1.2 Short Blades
 + Level 7.0 Dodging
 + Level 4.2 Stealth
 + Level 13.3 Spellcasting
 + Level 5.8 Conjurations
 + Level 6.9 Summonings
 + Level 1.4 Translocations
 + Level 0.2 Fire Magic


You had 25 spell levels left.
You knew the following spells:

 Your Spells              Type           Power        Failure   Level  Hunger
a - Magic Dart            Conj           ####         1%          1    None
b - Blink                 Tloc           N/A          2%          2    None
c - Call Imp              Summ           ######..     1%          2    None
d - Conjure Flame         Conj/Fire      ####....     2%          3    None
e - Repel Missiles        Chrm/Air       ###...       6%          2    None


Dungeon Overview and Level Annotations

Branches:
Dungeon (10/15)            Temple (0/1) D:5             Orc (0/4) D:10
   Lair: D:8-11

Altars:
Ashenzari
Fedhas
Gozag
Makhleb
Okawaru
Qazlal
Sif Muna
Xom
Yredelemnul
Zin
The Shining One

Shops:
D:4 [   D:9 :

Annotations:
D:4 1 runed door
D:7 herpmino's ghost, experienced FoFi


Message History

Your crimson imp hits the orc zombie.
The hungry ghost hits you.
You feel somewhat more hungry.
You closely miss the hungry ghost.
The hungry ghost is almost destroyed.
Your crimson imp hits the orc zombie.
The orc zombie hits you.
Your crimson imp blinks!
Your crimson imp blinks!
The hungry ghost completely misses you.
You lose consciousness!
Your crimson imp blinks!
The hungry ghost hits you but does no damage.
The hungry ghost hits you.
You feel slightly more hungry. The hungry ghost hits you.
You feel slightly more hungry.
Your crimson imp disappears in a puff of smoke!
The hungry ghost hits you.
You feel slightly more hungry.
The hill giant hits you with a giant spiked club!
The hungry ghost hits you but does no damage.
The hill giant hits you with a giant spiked club!!!
Ouch! That really hurt!
You die...

#####................#...#
........#................#
........#................#
.........................# #####
#....#...................# #....
######..............#...#####....
# #................####.........
# #....#......ยง....## #.........
####...........W@....###.........
##....#........CZ....#..Z#.......
#........................#.......
....<..##..........#....5........
.......##......5........Z...)....
...................(.....Z.......
.................................
......................>..........
#................................


You could see a hill giant, a hungry ghost, an orc zombie and a friendly crimson
imp.

Vanquished Creatures
  Erica (D:8)
  A two-headed ogre (D:10)
  A troll (D:10)
  A wyvern (D:10)
  A hungry ghost (D:10)
  4 orc warriors
  2 phantoms (D:9)
  An ice beast (D:9)
  2 sky beasts
  An ogre (D:10)
  A centaur (D:8)
  A big kobold (D:10)
  2 giant frogs (D:7)
  3 scorpions
  A water moccasin skeleton (D:6)
  4 wights
  3 jellies
  5 crimson imps
  6 hounds
  3 orc priests
  3 iguanas
  2 orc wizards
  5 worker ants
  6 ogre zombies (D:10)
  A hound zombie (D:8)
  A hound skeleton (D:9)
  A worker ant zombie (D:5)
  Robin (D:2)
  4 gnolls (D:9)
  9 adders
  2 shadow imps
  2 adder skeletons
  6 giant geckos
  34 orcs
  4 ball pythons
  16 bats
  2 bat skeletons
  3 giant cockroaches
  20 hobgoblins
  18 jackals
  21 kobolds
  9 quokkas
  2 giant newts
  22 goblins
  2 goblin skeletons (D:10)
  3 goblin zombies (D:10)
  2 hobgoblin skeletons (D:10)
  2 hobgoblin zombies (D:10)
  8 orc zombies (D:10)
  2 quokka skeletons
  21 rats
  A spectral orc (D:8)
279 creatures vanquished.

Vanquished Creatures (collateral kills)
  An ogre (D:5)
  2 centaurs (D:9)
  3 giant frogs
  A wyvern skeleton (D:6)
  3 scorpions
  A giant frog zombie (D:5)
  A wight (D:8)
  2 orc priests (D:4)
  A centaur zombie (D:7)
  A quasit (D:8)
  An orc wizard (D:4)
  An iguana (D:5)
  2 worker ants (D:4)
  An adder zombie (D:7)
  3 orcs
  A bat (D:4)
  2 hobgoblins
  3 jackals (D:10)
  3 kobolds
  A giant newt (D:5)
  A goblin (D:7)
  A goblin zombie (D:10)
  A hobgoblin zombie (D:10)
37 creatures vanquished.

Grand Total: 316 creatures vanquished

Notes
Turn   | Place    | Note
--------------------------------------------------------------
     0 | D:1      | ztt the Deep Elf Wizard began the quest for the Orb.
     0 | D:1      | Reached XP level 1. HP: 10/10 MP: 7/7
   250 | D:1      | Reached XP level 2. HP: 13/15 MP: 6/9
   297 | D:1      | Learned a level 2 spell: Blink
   300 | D:1      | Learned a level 2 spell: Call Imp
   303 | D:1      | Learned a level 2 spell: Slow
   449 | D:1      | Reached skill level 5 in Spellcasting
   486 | D:1      | Learned a level 2 spell: Repel Missiles
  1108 | D:2      | Reached XP level 3. HP: 19/19 MP: 7/12
  1398 | D:2      | Noticed Robin
  1444 | D:2      | Killed Robin
  1728 | D:2      | Reached skill level 6 in Spellcasting
  1831 | D:2      | Reached XP level 4. HP: 24/24 MP: 5/14
  3424 | D:4      | Found a shimmering altar of Xom.
  3432 | D:4      | Found a runed door.
  3433 | D:4      | Found a glowing silver altar of Zin.
  3433 | D:4      | Noticed an angel
  3519 | D:4      | Reached XP level 5. HP: 28/28 MP: 10/16
  3528 | D:4      | Found an opulent altar of Gozag.
  4021 | D:4      | Reached skill level 7 in Spellcasting
  4191 | D:4      | Found Qoiqanaj's Armour Boutique.
  4196 | D:4      | Learned a level 3 spell: Conjure Flame
  4198 | D:4      | Found a blossoming altar of Fedhas.
  4199 | D:4      | Found a stormy altar of Qazlal.
  4686 | D:5      | Entered Level 5 of the Dungeon
  4845 | D:5      | Reached XP level 6. HP: 32/32 MP: 15/18
  5022 | D:5      | Found a shimmering altar of Xom.
  5203 | D:5      | Noticed an ogre
  5393 | D:5      | Killed an ogre
  5530 | D:5      | Found a staircase to the Ecumenical Temple.
  5654 | D:6      | Reached skill level 8 in Spellcasting
  5998 | D:6      | Reached XP level 7. HP: 17/37 MP: 12/20
  6226 | D:6      | Found a shattered altar of Ashenzari.
  6733 | D:6      | Found a glowing silver altar of Zin.
  7288 | D:7      | Reached skill level 9 in Spellcasting
  7448 | D:7      | Reached skill level 1 in Fighting
  7612 | D:7      | Noticed herpmino's ghost (experienced FoFi)
  8350 | D:7      | Reached XP level 8. HP: 43/43 MP: 12/23
  8686 | D:7      | Reached skill level 10 in Spellcasting
  9298 | D:8      | Found a glowing golden altar of the Shining One.
  9434 | D:8      | Found an iron altar of Okawaru.
  9434 | D:8      | Noticed Erica
  9558 | D:8      | Killed Erica
  9558 | D:8      | Reached skill level 5 in Dodging
  9558 | D:8      | Reached skill level 11 in Spellcasting
  9558 | D:8      | Reached skill level 5 in Summonings
  9608 | D:8      | Found a deep blue altar of Sif Muna.
  9656 | D:8      | Became a worshipper of Sif Muna the Loreminder
  9791 | D:8      | Found a basalt altar of Yredelemnul.
  9931 | D:8      | Reached XP level 9. HP: 47/47 MP: 21/26
  9976 | D:8      | Found a burning altar of Makhleb.
 10050 | D:8      | Reached skill level 1 in Short Blades
 11033 | D:8      | Reached skill level 12 in Spellcasting
 11599 | D:9      | Acquired Sif Muna's first power
 11599 | D:9      | Reached skill level 5 in Conjurations
 12070 | D:9      | Found Xutaeh's Book Emporium.
 12272 | D:10     | Entered Level 10 of the Dungeon
 12814 | D:10     | Acquired Sif Muna's second power
 13330 | D:10     | Reached skill level 13 in Spellcasting
 13345 | D:10     | Found a glowing silver altar of Zin.
 13439 | D:10     | Reached XP level 10. HP: 38/52 MP: 27/29
 13874 | D:10     | Found a staircase to the Orcish Mines.
 14300 | D:10     | Noticed a hill giant
 14342 | D:10     | Noticed a hill giant
 14632 | D:10     | Demolished by a hill giant

Vault maps used:
D:1:      lemuel_arrival_funnel
D:2:      serial_forest, infiniplex_forest_clump_diagonal,
          infiniplex_forest_clump_large, infiniplex_forest_clump_small,
          infiniplex_forest_clump_cross, uniq_robin
D:3:      first_bread
D:4:      overflow_temple_1_default, grunt_gozag_statues, fedhas_altar_1,
          kennysheep_mini_moat, serial_shops, shop, grunt_ministairs_10,
          minmay_bad_closet, minivault_14, kennysheep_minor_cross,
          lemuel_angel_altar
D:5:      minmay_temple_entry_purple_smoke, basic_altar
D:6:      ashenzari_conservatory_becter, kennysheep_little_box, st_stairs_9
D:7:      corexii_shack_village
D:8:      minmay_goldmine, overflow_temple_1_default, lemuel_blue_sif_altar,
          lemuel_crystal_altar, yredelemnul_forgotten_temple_becter,
          okawaru_trees_1, uniq_erica
D:9:      serial_shops, nicolae_shop_behind_doors, minmay_joined_circles
D:10:     zombieorc2_lemuel, basic_altar

Action                   |  1- 3 |  4- 6 |  7- 9 | 10-12 || total
-------------------------+-------+-------+-------+-------++-------
Melee: Dagger            |     9 |    17 |   182 |   102 ||   310
 Cast: Magic Dart        |   106 |   217 |   436 |    93 ||   852
       Call Imp          |       |    23 |   114 |     6 ||   143
       Conjure Flame     |       |     3 |     8 |     1 ||    12
       Blink             |       |     1 |     2 |     1 ||     4
       Repel Missiles    |       |       |     1 |       ||     1
  Use: Scroll            |     7 |     7 |     4 |     4 ||    22
       Potion            |       |       |       |     1 ||     1
 Stab: Distracted        |       |       |     1 |     1 ||     2
       Sleeping          |       |       |     1 |       ||     1
  Eat: Chunk             |     2 |     6 |    10 |     1 ||    19
       Beef jerky        |       |     1 |     2 |       ||     3
       Royal jelly       |       |     1 |       |       ||     1
       Fruit             |       |     1 |     3 |       ||     4
       Pizza             |       |     1 |     1 |       ||     2
       Bread ration      |       |       |     1 |     1 ||     2
       Meat ration       |       |       |     1 |       ||     1
